 Dungeon Crawl Stone Soup version 0.31-a0-983-g7b6862f502 (webtiles) character file.

Game seed: 17859416506295239924

238 lunkers the Insei (level 6, -3/38 HPs)
             Began as an Octopode Shapeshifter on Nov 2, 2023.
             Slain by a river rat (9 damage)
             ... in a sewer.
             The game lasted 00:03:04 (2825 turns).

lunkers the Insei (Octopode Shapeshifter)           Turns: 2825, Time: 00:03:05

Health: -3/38      AC:  1    Str: 13    XL:     6   Next: 7%
Magic:  6/6        EV: 13    Int: 12    God:
Gold:   193        SH:  0    Dex: 14    Spells: 5/5 levels left

rFire   . .          .
                       - Unarmed
rCold   . . .        (no shield)
rNeg    . . .        (helmet currently unavailable)
rPois   .            (no amulet)
rElec   .            (no ring)
rCorr   .            (no ring)
SInv    .            (no ring)
Will    .....        (no ring)
Stlth   ++           (no ring)
HPRegen 0.26/turn    (no ring)
MPRegen 0.10/turn    (no ring)
                     (no ring)

%: no passive effects
@: beast-form
A: beast (slay +2), almost no armour, amphibious, 8 rings, camouflage 1,
gelatinous body 1, (nimble swimmer 1), tentacles
a: Begin Untransformation


You were in a sewer.
You were a hulking beast.
You visited 1 branch of the dungeon, and saw 4 of its levels.
You also visited: Sewer.

You collected 193 gold pieces.

Inventory:

Talismans
 b - a beast talisman
 c - a flux talisman
Scrolls
 d - 2 scrolls of noise {unknown}
 f - 3 scrolls of identify {unknown}
 h - a scroll of enchant weapon {unknown}
 i - a scroll of amnesia {unknown}
 k - 2 scrolls of teleportation {unknown}
 l - a scroll of enchant armour {unknown}
 n - a scroll of revelation {unknown}
 o - a scroll of immolation {unknown}
 q - a scroll of fog {unknown}
 r - a scroll of blinking {unknown}
 s - a scroll of summoning {unknown}
Potions
 a - 2 potions of lignification
 e - 9 potions of enlightenment
 g - 2 potions of mutation {unknown}
 j - 4 potions of curing {unknown}
 m - 3 potions of degeneration
 p - 2 potions of attraction {unknown}


   Skills:
 - Level 1.0 Fighting
 - Level 2.0 Dodging
 * Level 5.6 Unarmed Combat
 + Level 4.2 Shapeshifting


You had 5 spell levels left.
You didn't know any spells.
Your spell library was empty.

Dungeon Overview and Level Annotations

Branches:
Dungeon (4/15)              Sewer (1/1)
 Temple: D:4-7

Altars:
Gozag
Uskayaw
Yredelemnul

Annotations:
D:3 1 runed translucent door


Innate Abilities, Weirdness & Mutations

You are a hulking beast.
Your limbs bulge with bestial killing power. (Slay +2)
You cannot wear most types of armour.
You are amphibious.
You can wear up to eight rings at the same time.
Your skin changes colour to match your surroundings (Stealth+).
Your rubbery body absorbs attacks. (AC +1, EV +1)
((You are camouflaged when in or above water. (Stealth+)))
You have tentacles for arms and can constrict up to eight enemies at once.


Message History

No target in view!
m - 3 potions of degeneration (gained 1)
There is a large open door here.
You open the large door. 3 river rats come into view.
There are monsters nearby!
You tentacle-slap the river rat but do no damage.
Your grab misses the river rat. The river rat bites you.
You tentacle-slap the river rat. You grab the river rat.
The river rat is heavily wounded.
You constrict the river rat. The river rat closely misses you.
The river rat bites you. The river rat misses you.
There are monsters nearby!
There are monsters nearby!
You tentacle-slap the river rat. You squeeze the river rat.
You kill the river rat!
The river rat bites you. The river rat closely misses you.
You tentacle-slap the river rat. You grab the river rat.
You squeeze the river rat, but do no damage.
The river rat is lightly wounded.
You constrict the river rat, but do no damage.
The river rat misses you. The river rat bites you!
* * * LOW HITPOINT WARNING * * *
You tentacle-slap the river rat.
The river rat is heavily wounded.
You constrict the river rat. The river rat bites you!
* * * LOW HITPOINT WARNING * * *
The river rat bites you!
* * * LOW HITPOINT WARNING * * *
You tentacle-slap the river rat.
The river rat is severely wounded.
You constrict the river rat, but do no damage.
The river rat misses you.
The river rat bites you but does no damage.
Unknown command.
You barely miss the river rat.
The river rat is severely wounded.
You constrict the river rat. The river rat completely misses you.
The river rat bites you!
You die...

~~~~~~~~~~~~~.~~~~~.~.~~≈~# ###.
≈≈≈≈≈≈≈≈≈≈≈≈≈≈≈≈≈≈≈≈≈≈≈~≈~####...
~~~~~~~.~~~~.~~...~~~~~~≈~##.....
#######################~≈~###....
# ###### #~≈.# ##### # #....#
#~≈~# # ++#####''#####~≈~# #
............~~~~.# #
.......h...~.†~~~# #
++#####rr#####~≈~# # ....# #~≈.#
# ###### #~≈~#
#######################~≈~#####
~.†.~~~~~~~~~~~~~†..~~~~≈~≈≈≈≈≈
≈≈≈≈≈≈≈≈≈≈≈≈≈≈≈≈≈≈≈≈≈≈≈≈≈~≈≈≈≈≈
~~..~.~~~~.~~~~~..~.~~.~~~≈≈≈≈≈
###############################


You could see 2 river rats.

Vanquished Creatures
  Terence (D:3)
  Natasha (thrice) (D:3)
  4 adders
  A gnoll (D:1)
  2 river rats (Sewer)
  A worm (Sewer)
  A dart slug (D:1)
  3 orcs
  8 bats
  2 endoplasms
  8 giant cockroaches
  2 hobgoblins (D:1)
  3 quokkas
  11 ball pythons
  4 frilled lizards
  6 goblins
  5 kobolds
  6 rats
71 creatures vanquished.

Notes
Turn   | Place    | Note
-------+----------+-------------------------------------------
     0 | D:1      | lunkers the Octopode Shapeshifter began the quest for the
                  | Orb.
     0 | D:1      | Reached XP level 1. HP: 13/13 MP: 1/1
   270 | D:1      | Reached XP level 2. HP: 9/18 MP: 2/2
   501 | D:1      | Reached XP level 3. HP: 23/23 MP: 3/3
  1201 | D:2      | Reached skill level 4 in Unarmed Combat
  1542 | D:3      | Noticed Natasha
  1547 | D:3      | Killed Natasha
  1548 | D:3      | Reached XP level 4. HP: 28/28 MP: 4/4
  1568 | D:3      | Found a runed translucent door.
  1568 | D:3      | Noticed a human
  1571 | D:3      | Found a basalt altar of Yredelemnul.
  1862 | D:3      | Noticed Natasha
  1869 | D:3      | Killed Natasha
  1941 | D:3      | Noticed Natasha
  1952 | D:3      | Killed Natasha
  1953 | D:3      | Reached skill level 5 in Unarmed Combat
  1953 | D:3      | Reached XP level 5. HP: 15/33 MP: 5/5
  1956 | D:3      | Noticed Terence
  2038 | D:3      | Killed Terence
  2181 | D:4      | Found a hide-covered altar of Uskayaw.
  2213 | D:4      | Noticed a +0 dagger
  2214 | D:4      | Noticed a +0 hand axe
  2264 | D:4      | Found an opulent altar of Gozag.
  2300 | D:4      | Found a glowing drain.
  2419 | Sewer    | Entered a sewer
  2647 | Sewer    | Reached XP level 6. HP: 23/38 MP: 6/6
  2825 | Sewer    | Slain by a river rat

Illustrated notes

Levels and vault maps discovered:
D:1:      mrwooster_arrival_arrow, layout_loops_ring,
          shapermc_ecumenical_altar_petra, nicolae_twisty_statue_hallways
D:2:      layout_loops_ring, serial_aquarium, aquarium_bridge_square
          [aquarium_subvault_window, aquarium_subvault_bridge,
          aquarium_subvault_wall, aquarium_subvault_window],
          aquarium_bridge_square [aquarium_subvault_window,
          aquarium_subvault_bridge, aquarium_subvault_bridge,
          aquarium_subvault_bridge], aquarium_window_fake,
          aquarium_window_corner, aquarium_window_fake, aquarium_window_corner,
          aquarium_view_4, aquarium_view_2a
D:3:      layout_rooms, dk_yredelemnul_ordeal, uniq_natasha, uniq_terence
D:4:      layout_basic, nicolae_gozag_cash_rules_everything_around_me,
          dancing_weapons_uskayaw, led_sif_pool, portal_sewer_entry_f
Sewer:    sewer_fruit_machine

Skill      XL: |  1  2  3  4  5 |
---------------+----------------+-----
Unarmed Combat | 4 5 |  5.6
Shapeshifting  | 4 |  4.2
Fighting       | |  1.0
Dodging        | |  2.0

Action                     |  1- 3 |  4- 6 || total
---------------------------+-------+-------++-------
  Melee: Unarmed           |    50 |    80 ||   130
         Tentacles         |    11 |    15 ||    26
         Constrict         |    12 |    21 ||    33
         Punch             |     2 |       ||     2
   Stab: Sleeping          |    12 |     6 ||    18
 Armour: Skin              |    14 |    42 ||    56
  Dodge: Dodged            |    20 |    59 ||    79

Table legend: (Time is in decaauts)
 A = Elapsed time spent in this place.
 B = Non-inter-level travel time spent in this place.
 C = Inter-level travel time spent in this place.
 D = Time resting spent in this place.
 E = Time spent auto-exploring this place.
 F = Levels seen in this place.
 G = Mean time per level.
                   A        B        C        D        E       F      G
               +--------+--------+--------+--------+--------+-----+--------+
         Total |   2812 |   2769 |     43 |     62 |   2251 |   5 |  562.4 |
       Dungeon |   2411 |   2368 |     43 |     62 |   1959 |   4 |  602.8 |
         Sewer |    401 |    401 |      0 |      0 |    292 |   1 |  401.0 |
               +--------+--------+--------+--------+--------+-----+--------+

Top non-repeatable levels by time:
     D:1: 797 daAuts
     D:2: 737 daAuts
     D:3: 556 daAuts
   Sewer: 401 daAuts
     D:4: 319 daAuts
